Map: Pillars of Gold LE

Players

Serral - Winner!

  • Race: Zerg Zerg
  • Spawn Location: 7:00

Clem

  • Race: Terran Terran
  • Spawn Location: 1:00

Event: IEM Katowice 2021

VOD

Have the link to the VOD?

Description

Time

  • Played on: Feb. 26, 2021, 1:13 p.m.
  • Length: 11:33

All games in this series

Show
View Real Time Build Order
Export as new Build Order

Serral Zerg - Winner!

Build Orders: Hatch First 

Get SALT Encoding   

  12  0:00  Drone  
  13  0:12  Overlord  
  13  0:18  Drone  
  14  0:31  Drone x2  
  16  0:50  Hatchery  
  16  0:53  Drone  
  16  0:56  Drone  
  17  1:00  Drone  
  18  1:10  Extractor  
  17  1:15  Spawning Pool  
  16  1:19  Drone  
  16  1:22  Drone  
  18  1:28  Drone  
  19  1:39  Drone  
  20  1:49  Drone  
  21  2:01  Queen  
  21  2:02  Zergling x2, Queen  
  21  2:03  Zergling x2  
  27  2:11  Overlord  
  27  2:13  Drone  
  28  2:28  Hatchery  
  27  2:33  Drone  
  27  2:35  Spore Crawler  
  26  2:38  Drone  
  26  2:40  Drone  
  26  2:42  Drone  
  30  2:47  Queen  
  32  2:53  Metabolic Boost  
  32  2:57  Overlord  
  32  3:00  Drone  
  32  3:02  Drone  
  32  3:05  Drone  
  35  3:14  Overlord  
  35  3:16  Drone x3  
  35  3:18  Drone  
  39  3:23  Queen  
  41  3:32  Drone x2  
  41  3:33  Queen  
  45  3:38  Overlord  
  45  3:42  Queen  
  45  3:47  Drone  
  45  3:48  Drone x2  
  50  3:51  Zergling x4  
  50  3:55  Zergling x2  
  53  3:56  Drone  
  53  4:00  Queen  
  56  4:05  Baneling Nest, Drone  
  56  4:08  Drone  
  56  4:09  Drone  
  58  4:13  Overlord  
  58  4:14  Zergling x2  
  58  4:16  Drone  
  60  4:17  Drone  
  60  4:22  Overlord  
  61  4:26  Zergling x4  
  61  4:30  Drone x2  
  65  4:31  Drone x2  
  67  4:38  Queen x2  
  68  4:45  Zergling x2  
  68  4:46  Zergling x6  
  68  4:50  Baneling x2  
  69  4:53  Zergling x2  
  69  4:58  Spore Crawler  
  69  5:02  Spore Crawler  
  69  5:03  Drone, Lair  
  69  5:04  Drone x2  
  71  5:10  Drone x3  
  71  5:14  Drone, Spore Crawler  
  74  5:16  Drone  
  74  5:17  Drone  
  74  5:18  Drone  
  77  5:23  Overlord  
  77  5:25  Drone x3  
  77  5:27  Overlord  
  80  5:30  Extractor  
  80  5:31  Extractor  
  80  5:33  Zergling x4  
  80  5:35  Drone x2  
  80  5:39  Overlord  
  80  5:40  Drone  
  82  5:43  Drone x3  
  82  5:45  Drone  
  82  5:48  Spore Crawler  
  82  5:49  Drone x3  
  88  5:54  Zergling x4  
  88  5:56  Drone x2  
  92  5:58  Drone  
  92  6:04  Drone  
  90  6:09  Drone x5  
  90  6:10  Overseer  
  92  6:11  Drone  
  92  6:12  Centrifical Hooks  
  92  6:17  Evolution Chamber  
  92  6:18  Overseer  
  92  6:19  Evolution Chamber, Drone  
  92  6:20  Drone  
  92  6:23  Extractor  
  92  6:24  Queen  
  94  6:32  Hatchery  
  93  6:34  Extractor, Drone x2  
  93  6:35  Extractor  
  93  6:38  Overlord  
  94  6:40  Drone x2  
  94  6:41  Drone x2  
  94  6:46  Zerg Melee Weapons Level 1, Zerg Ground Armor Level 1  
  98  6:49  Overseer  
  98  6:50  Overlord  
  98  6:52  Drone x3  
  98  6:53  Drone x2  
  103  7:01  Overlord  
  103  7:02  Zergling x2  
  103  7:03  Zergling x8  
  103  7:07  Drone  
  103  7:08  Baneling x7  
  109  7:09  Zergling x4, Baneling  
  109  7:14  Zergling x6  
  114  7:16  Zergling x2  
  114  7:19  Zergling x6  
  118  7:28  Zergling x10  
  121  7:37  Zergling x8  
  121  7:38  Hatchery  
  121  7:41  Overlord x2  
  124  7:44  Queen  
  124  7:46  Drone x3  
  124  7:47  Drone x2  
  124  7:48  Zergling x2  
  132  7:52  Baneling  
  132  7:53  Baneling x7  
  132  7:58  Drone  
  133  8:01  Hatchery  
  133  8:02  Overlord  
  133  8:03  Zergling x8  
  136  8:06  Zergling x8  
  136  8:09  Baneling x7  
  140  8:13  Zergling x8  
  140  8:18  Overlord  
  142  8:22  Zergling x16  
  151  8:27  Zergling x8  
  154  8:35  Overlord  
  154  8:38  Burrow  
  154  8:41  Zerg Ground Armor Level 2, Zerg Melee Weapons Level 2  
  154  8:43  Zergling x12, Drone x2  
  154  8:45  Infestation Pit  
  154  8:46  Baneling x6  
  160  8:54  Zergling x18  
  168  8:58  Baneling  
  168  8:59  Baneling x4  
  167  9:04  Zergling x2  
  167  9:08  Zergling x14  
  167  9:09  Zergling x2  
  170  9:10  Queen  
  170  9:11  Spore Crawler  
  170  9:15  Zergling x2  
  170  9:16  Zergling x14  
  170  9:17  Baneling x3  
  167  9:25  Baneling x10  
  167  9:31  Zergling x12  
  149  9:41  Zergling x2, Baneling x7  
  149  9:42  Zergling x24  
  149  9:44  Baneling x7  
  160  9:46  Baneling  
  160  9:51  Hive  
  157  9:55  Zergling x14  
  153  10:01  Zergling x16  
  161  10:07  Baneling x10  
  161  10:10  Baneling x2  
  161  10:14  Zergling x18  
  166  10:22  Zergling x2  
  166  10:23  Zergling x16  
  174  10:30  Baneling x9  
  174  10:35  Zergling x18  
  171  10:46  Zergling x10  
  171  10:47  Zergling x22  
  178  10:53  Baneling x10  
  178  10:58  Zergling x10  
  178  10:59  Zergling x4  
  180  11:09  Zergling x18  
  188  11:11  Baneling x8  
Show
View Real Time Build Order
Export as new Build Order

Clem Terran 

Build Orders: Reaper Expand, Hellion Banshee 

Get SALT Encoding   

  12  0:00  SCV  
  13  0:12  SCV  
  14  0:17  Supply Depot  
  14  0:24  SCV  
  15  0:39  SCV  
  15  0:40  Barracks  
  16  0:45  Refinery  
  16  0:51  SCV  
  17  1:03  SCV  
  18  1:15  SCV  
  19  1:27  Reaper  
  19  1:28  Orbital Command  
  20  1:43  Command Center  
  20  1:52  Supply Depot  
  20  1:54  SCV  
  20  1:59  Marine  
  22  2:06  SCV  
  23  2:15  Factory  
  23  2:20  SCV, Refinery  
  23  2:22  Barracks Reactor  
  24  2:32  SCV  
  26  2:44  SCV  
  26  2:55  Orbital Command  
  26  2:56  SCV  
  27  3:01  Starport  
  27  3:06  Hellion x2  
  27  3:08  Marine  
  27  3:09  SCV  
  33  3:20  SCV  
  33  3:21  SCV  
  33  3:23  Supply Depot  
  35  3:28  Marine  
  35  3:29  Hellion  
  35  3:31  Hellion  
  35  3:32  SCV  
  35  3:33  SCV  
  42  3:38  Medivac  
  44  3:41  Armory  
  44  3:47  SCV  
  44  3:48  Supply Depot  
  45  3:52  Hellion, SCV  
  48  3:57  Hellion  
  48  4:00  Barracks Tech Lab  
  48  4:02  SCV  
  51  4:04  SCV  
  52  4:10  Supply Depot  
  52  4:14  SCV  
  53  4:21  Banshee, Cloaking Field  
  56  4:25  SCV  
  56  4:31  Hellion x2, Barracks Tech Lab  
  61  4:32  Supply Depot  
  61  4:33  SCV  
  61  4:37  SCV  
  63  4:45  SCV  
  64  4:49  SCV  
  64  4:55  Command Center, Supply Depot  
  64  4:57  SCV  
  64  4:59  Hellion x2  
  64  5:00  Hellion x2  
  64  5:01  SCV  
  64  5:04  Banshee  
  68  5:07  Stimpack  
  68  5:08  Factory Reactor  
  68  5:09  SCV  
  68  5:12  Barracks  
  68  5:13  SCV  
  70  5:15  Barracks  
  70  5:16  Marine  
  71  5:21  SCV  
  71  5:22  Refinery  
  71  5:24  Refinery  
  71  5:25  SCV  
  73  5:33  SCV  
  73  5:34  Marine  
  75  5:37  SCV  
  75  5:40  Engineering Bay x2  
  76  5:45  SCV  
  78  5:50  SCV  
  78  5:52  Marine  
  78  5:59  SCV  
  78  6:02  SCV, Marine  
  78  6:03  Starport Reactor  
  72  6:04  Marine  
  72  6:09  Terran Infantry Weapons Level 1, Terran Infantry Armor Level 1  
  72  6:10  Marine  
  72  6:11  SCV  
  68  6:14  SCV  
  68  6:15  Marine x2  
  69  6:20  Marine, Siege Tank  
  69  6:23  SCV, Marine  
  75  6:26  SCV  
  75  6:28  Marine  
  77  6:35  SCV, Barracks, Orbital Command  
  77  6:36  Barracks  
  77  6:37  Marine x2  
  77  6:39  SCV  
  81  6:42  Marine  
  81  6:43  Marine  
  81  6:44  Medivac  
  81  6:45  Medivac  
  87  6:48  Supply Depot  
  87  6:52  Siege Tank  
  87  6:53  Supply Depot  
  90  6:55  SCV x2  
  90  6:57  Marine x2  
  90  6:58  Marine  
  90  7:00  Supply Depot, Marine  
  96  7:01  SCV  
  96  7:02  Marine  
  96  7:06  Supply Depot, Combat Shield  
  98  7:10  SCV x2  
  98  7:13  SCV, Supply Depot  
  98  7:15  Marine x2  
  101  7:19  Marine  
  104  7:23  Barracks x2  
  104  7:24  Barracks  
  104  7:28  Siege Tank  
  107  7:36  Medivac x2  
  111  7:37  Marine, Barracks Reactor x2  
  111  7:38  Marine x2  
  111  7:41  Marine x2, Refinery  
  116  7:53  SCV x2  
  116  7:54  Marine  
  116  7:55  Marine  
  116  7:56  Supply Depot  
  116  7:57  SCV, Supply Depot  
  116  7:58  Marine  
  122  7:59  Command Center  
  122  8:04  Siege Tank  
  122  8:05  Marine x2  
  127  8:08  Supply Depot  
  127  8:12  Marine  
  127  8:13  Marine, Barracks Reactor x2, Barracks Tech Lab  
  127  8:14  Marine x4  
  127  8:17  Medivac x2  
  127  8:18  Marine  
  138  8:22  Marine  
  138  8:23  Marine  
  138  8:25  Missile Turret  
  140  8:30  Marine  
  140  8:31  Marine  
  140  8:32  Concussive Shells, Marine x3  
  140  8:33  Marauder  
  147  8:38  Marine x2  
  147  8:39  Terran Infantry Weapons Level 2  
  148  8:41  Terran Infantry Armor Level 2  
  148  8:44  Marine x2  
  150  8:48  Marine  
  150  8:49  Marine  
  150  8:51  Marine x2  
  150  8:52  Marine  
  150  8:53  Siege Tank  
  158  9:02  Marauder, Marine x3  
  162  9:03  Marine x2  
  162  9:09  Marine  
  154  9:15  SCV x2  
  154  9:16  Marine  
  134  9:19  SCV  
  134  9:22  Marine  
  137  9:25  Siege Tank  
  137  9:26  Marauder  
  137  9:28  Marine  
  127  9:32  Marine x3  
  127  9:33  Marine x7  
  127  9:35  SCV  
  129  9:41  Marine  
  129  9:43  Marine  
  129  9:45  SCV  
  130  9:46  SCV  
  130  9:47  Marine  
  132  9:57  Siege Tank  
  132  9:58  Marine x4  
  128  10:00  SCV  
  128  10:01  SCV  
  128  10:02  SCV  
  128  10:05  Marine x3  
  128  10:06  Planetary Fortress  
  134  10:10  Marine x2  
  134  10:12  Marine x2  
  138  10:14  SCV x2  
  138  10:16  SCV  
  138  10:19  Marine  
  126  10:26  SCV  
  126  10:27  Marine  
  126  10:29  Siege Tank  
  126  10:30  SCV  
  126  10:32  SCV  
  126  10:35  Marine  
  132  10:38  SCV  
  132  10:42  SCV  
  118  10:44  SCV  
  118  10:45  Marine  
  118  10:46  SCV  
  118  10:49  Marine x2  
  123  10:50  SCV  
  123  10:55  SCV  
  123  10:56  Marine x2  
  127  11:00  SCV  
  123  11:04  SCV  
  123  11:05  SCV  
  123  11:07  SCV, Marine  
  123  11:09  Marine  
  123  11:10  Marine  
  111  11:20  SCV x2  

Tags
 
Add a new tag
Caveats
  • Supply blocks, unpowered buildings, or Contaminate may cause inaccurate times.
  • Supply counts are checked every 10 seconds.